 Dungeon Crawl Stone Soup version 0.31-a0-931-g7b59d4eb97 (webtiles) character file.

Game seed: 14785856759344345752

2 Dirtsage the Ruffian (level 1, 0/13 HPs)
             Began as an Octopode Shapeshifter on Oct 19, 2023.
             Killed from afar by a dart slug (5 damage)
             ... with a slug dart
             ... on level 1 of the Dungeon.
             The game lasted 00:00:10 (118 turns).

Dirtsage the Ruffian (Octopode Shapeshifter)         Turns: 118, Time: 00:00:11

Health: 0/13       AC:  1    Str: 13    XL:     1   Next: 30%
Magic:  1/1        EV: 13    Int: 12    God:
Gold:   25         SH:  0    Dex: 11    Spells: 0/0 levels left

rFire   . .          .
                       - Unarmed
rCold   . . .        (no shield)
rNeg    . . .        (helmet currently unavailable)
rPois   .            (no amulet)
rElec   .            (no ring)
rCorr   .            (no ring)
SInv    .            (no ring)
Will    .....        (no ring)
Stlth   ++           (no ring)
HPRegen 0.22/turn    (no ring)
MPRegen 0.07/turn    (no ring)
                     (no ring)

%: no passive effects
@: beast-form
A: beast (slay +1), almost no armour, amphibious, 8 rings, camouflage 1,
gelatinous body 1, (nimble swimmer 1), tentacles
a: Begin Untransformation


You were on level 1 of the Dungeon.
You were a hulking beast.
You visited 1 branch of the dungeon, and saw 1 of its levels.

You collected 25 gold pieces.

Inventory:

Talismans
 b - a beast talisman (active)
 c - a flux talisman
Potions
 a - a potion of lignification


   Skills:
 + Level 1.0 Fighting
 - Level 2.0 Dodging
 * Level 3.0 Unarmed Combat
 * Level 3.0 Shapeshifting


You couldn't memorise any spells.
You didn't know any spells.
Your spell library was empty.

Dungeon Overview and Level Annotations

Branches:
Dungeon (1/15)

Altars:


Innate Abilities, Weirdness & Mutations

You are a hulking beast.
Your limbs bulge with bestial killing power. (Slay +1)
You cannot wear most types of armour.
You are amphibious.
You can wear up to eight rings at the same time.
Your skin changes colour to match your surroundings (Stealth+).
Your rubbery body absorbs attacks. (AC +1, EV +1)
((You are camouflaged when in or above water. (Stealth+)))
You have tentacles for arms and can constrict up to eight enemies at once.


Message History

Found a stone staircase leading down.
There is an open door here.
The helpless rat fails to defend itself.
You bludgeon the rat!
You kill the rat!
No target in view!
No target in view!
You open the door.
There is an open door here.
You open the door.
There is an open door here.
An endoplasm comes into view.
The endoplasm quivers.
The endoplasm hits you.
You see here 11 gold pieces.
You take 2 damage, and have 11/13 hp.
You tentacle-slap the endoplasm. You squeeze the endoplasm.
You kill the endoplasm!
No target in view!
HP restored.
You now have 25 gold pieces (gained 11).
A dart slug comes into view.
Health restored: 13 The dart slug launches a dart at you.
The slug dart hits you.
You take 3 damage, and have 10/13 hp.
MASSIVE DAMAGE!!
A quokka comes into view.
The dart slug launches a dart at you. The slug dart hits you.
You take 6 damage, and have 4/13 hp.
MASSIVE DAMAGE!!
You are too injured to fight recklessly!
You are too injured to fight recklessly!
You are too injured to fight recklessly!
You tentacle-slap the dart slug. You grab the dart slug.
You squeeze the dart slug.
The dart slug is moderately wounded.
You constrict the dart slug, but do no damage.
The dart slug launches a dart at you. The slug dart hits you.
You die...

### [# ##
###########.######.###..
.....#.[...............#
.....#..................
.....#..................
##'###..................
#.......................
#...............hw......
#''###..................
.....#..................
..<..#..................
.....#.......######.....
######.#.##..# .r...
#........##..# ####
.............#
###.....####.#


You could see a dart slug and a quokka (asleep).

Vanquished Creatures
  An endoplasm (D:1)
  A rat (D:1)
2 creatures vanquished.

Notes
Turn   | Place    | Note
-------+----------+-------------------------------------------
     0 | D:1      | Dirtsage the Octopode Shapeshifter began the quest for the
                  | Orb.
     0 | D:1      | Reached XP level 1. HP: 13/13 MP: 1/1
   118 | D:1      | Killed from afar by a dart slug

Illustrated notes

Levels and vault maps discovered:
D:1:      dpeg_arrival_houses_and_road, layout_basic, roderic_lattice_a,
          minmay_split_cup_large

Action                     || total
---------------------------++-------
  Melee: Unarmed           ||     3
         Tentacles         ||     2
         Constrict         ||     1
   Stab: Sleeping          ||     1
 Armour: Skin              ||     4

Table legend: (Time is in decaauts)
 A = Elapsed time spent in this place.
 B = Non-inter-level travel time spent in this place.
 C = Inter-level travel time spent in this place.
 D = Time resting spent in this place.
 E = Time spent auto-exploring this place.
 F = Levels seen in this place.
 G = Mean time per level.
                   A        B        C        D        E       F      G
               +--------+--------+--------+--------+--------+-----+--------+
         Total |    117 |    117 |      0 |      0 |    104 |   1 |  117.0 |
       Dungeon |    117 |    117 |      0 |      0 |    104 |   1 |  117.0 |
               +--------+--------+--------+--------+--------+-----+--------+

Top non-repeatable levels by time:
     D:1: 117 daAuts
